Map: Prion Terraces

Players

NoPinSea (Probe)

  • Race: Protoss Protoss
  • League: Master

Petraeus - Winner!

  • Race: Zerg Zerg
  • League: Grandmaster

Event: 2016 WCS Winter Challenger Oceania SEA

VOD

Have the link to the VOD?

Description

Time

  • Played on: Feb. 12, 2016, 11:23 p.m.
  • Length: 11:27

All games in this series

Show
View Real Time Build Order
Export as new Build Order

NoPinSea Protoss 

Build Orders: 1 Gate Expand, Phoenix Opening 

Get SALT Encoding   

  12  0:01  Probe (Chrono Boost)  
  13  0:11  Probe (Chrono Boost)  
  14  0:19  Pylon  
  14  0:22  Probe (Chrono Boost)  
  15  0:37  Probe (Chrono Boost), Gateway  
  16  0:48  Probe (Chrono Boost)  
  17  0:55  Assimilator  
  17  0:58  Probe (Chrono Boost)  
  18  1:09  Probe (Chrono Boost)  
  19  1:21  Nexus  
  19  1:24  Probe (Chrono Boost)  
  20  1:33  Cybernetics Core  
  20  1:37  Probe (Chrono Boost)  
  21  1:46  Assimilator  
  21  1:47  Probe (Chrono Boost)  
  21  1:51  Pylon  
  22  1:58  Probe (Chrono Boost)  
  23  2:09  Probe (Chrono Boost)  
  23  2:11  Adept (Chrono Boost), Warp Gate (Chrono Boost)  
  26  2:21  Probe (Chrono Boost)  
  27  2:33  Probe (Chrono Boost)  
  27  2:35  Adept  
  30  2:40  Stargate  
  30  2:42  Probe (Chrono Boost)  
  30  2:43  Probe (Chrono Boost)  
  32  2:52  Probe (Chrono Boost)  
  32  2:54  Probe (Chrono Boost)  
  34  3:02  Adept  
  34  3:04  Probe (Chrono Boost)  
  34  3:05  Mothership Core (Chrono Boost)  
  39  3:07  Gateway  
  39  3:11  Gateway  
  39  3:15  Probe (Chrono Boost)  
  40  3:22  Probe (Chrono Boost)  
  40  3:23  Phoenix (Chrono Boost)  
  40  3:25  Probe  
  44  3:31  Pylon  
  44  3:32  Probe  
  45  3:36  Pylon  
  45  3:37  Probe  
  46  3:47  Probe  
  46  3:48  Phoenix (Chrono Boost)  
  46  3:52  Probe  
  50  3:58  Probe  
  51  4:04  Probe  
  51  4:07  Phoenix  
  51  4:09  Assimilator  
  52  4:10  Assimilator  
  52  4:11  Forge  
  52  4:15  Adept x3  
  60  4:18  Probe (Chrono Boost)  
  62  4:25  Probe (Chrono Boost)  
  62  4:41  Pylon  
  62  4:54  Protoss Ground Weapons Level 1  
  62  4:56  Phoenix  
  62  4:59  Probe (Chrono Boost)  
  66  5:01  Probe (Chrono Boost), Adept x2  
  70  5:07  Nexus  
  70  5:09  Pylon x2  
  70  5:11  Pylon  
  70  5:23  Phoenix  
  70  5:27  Probe (Chrono Boost)  
  74  5:28  Probe (Chrono Boost)  
  74  5:30  Adept  
  74  5:35  Pylon  
  76  5:38  Probe (Chrono Boost)  
  76  5:39  Robotics Facility  
  77  5:44  Probe (Chrono Boost)  
  77  5:45  Phoenix  
  80  5:52  Probe (Chrono Boost)  
  80  5:53  Sentry  
  80  5:54  Sentry  
  80  5:57  Probe (Chrono Boost)  
  86  5:58  Twilight Council  
  86  6:03  Probe (Chrono Boost)  
  71  6:06  Zealot  
  71  6:09  Probe (Chrono Boost), Phoenix  
  74  6:13  Gateway  
  74  6:14  Gateway  
  74  6:17  Probe (Chrono Boost)  
  74  6:18  Gateway  
  77  6:20  Gateway  
  77  6:24  Zealot x2  
  79  6:28  Probe (Chrono Boost)  
  80  6:34  Zealot  
  80  6:36  Charge (Chrono Boost)  
  80  6:39  Probe  
  83  6:43  Pylon  
  83  6:45  Zealot  
  83  6:46  Zealot  
  84  6:51  Probe x3  
  87  7:03  Probe x3  
  90  7:09  Pylon  
  90  7:10  Zealot x2  
  90  7:15  Probe, Pylon  
  95  7:17  Pylon  
  95  7:19  Pylon  
  95  7:21  Pylon  
  95  7:22  Immortal  
  95  7:24  Zealot  
  95  7:29  Templar Archives  
  97  7:32  Assimilator  
  97  7:36  Assimilator  
  97  7:38  Zealot  
  97  7:39  Zealot x2  
  97  7:41  Sentry x2  
  107  7:44  Zealot x2  
  111  7:56  Immortal  
  111  7:58  Protoss Ground Weapons Level 2  
  111  7:59  Zealot  
  111  8:00  Zealot x2  
  121  8:09  Zealot  
  121  8:12  Zealot x3  
  127  8:18  Resonating Glaives (Chrono Boost)  
  129  8:22  High Templar x2  
  129  8:26  Archon  
  133  8:31  Pylon  
  133  8:34  Pylon  
  133  8:38  Nexus  
  133  8:44  Warp Prism  
  133  8:54  High Templar x3  
  133  8:55  Zealot, High Templar  
  143  8:56  Zealot x2  
  143  9:02  Archon  
  148  9:11  Archon  
  148  9:12  Pylon  
  148  9:14  Pylon  
  148  9:18  Observer  
  138  9:34  Zealot x7, Immortal  
  138  9:35  Robotics Facility  
  156  9:48  Nexus  
  156  9:50  Pylon  
  156  10:06  Zealot  
  158  10:10  Observer  
  159  10:15  Zealot x6  
  124  10:32  Zealot  
  112  10:37  Immortal  
  112  10:38  Zealot x2  
  112  10:42  Zealot x3  
  99  11:00  Nexus  
  99  11:09  Zealot x2  
Show
View Real Time Build Order
Export as new Build Order

Petraeus Zerg - Winner!

Build Orders: Hatch First, Lurkers 

Get SALT Encoding   

  12  0:00  Drone  
  13  0:08  Drone  
  14  0:17  Overlord  
  14  0:22  Extractor  
  14  0:23  Drone  
  15  0:35  Drone x2  
  17  0:52  Hatchery  
  17  0:54  Drone  
  17  0:57  Drone  
  18  1:04  Extractor  
  17  1:13  Spawning Pool  
  17  1:15  Drone  
  17  1:18  Drone  
  18  1:28  Drone  
  19  1:37  Overlord  
  19  1:49  Drone  
  20  2:00  Queen  
  20  2:01  Drone  
  23  2:06  Queen  
  23  2:07  Metabolic Boost, Zergling x2  
  26  2:15  Drone  
  27  2:19  Drone  
  27  2:21  Zergling x2  
  29  2:28  Zergling x2  
  30  2:37  Hatchery  
  30  2:39  Drone  
  30  2:45  Overlord  
  30  2:48  Drone  
  30  2:49  Drone  
  33  2:58  Drone  
  33  3:00  Evolution Chamber  
  33  3:04  Drone  
  32  3:08  Zergling x6  
  32  3:12  Zergling x4  
  37  3:14  Queen  
  37  3:16  Zergling x4  
  41  3:22  Overlord  
  41  3:29  Zerg Melee Weapons Level 1  
  41  3:30  Drone  
  41  3:32  Zergling x2  
  43  3:36  Overlord  
  43  3:45  Drone  
  43  3:46  Drone  
  45  3:49  Drone x3  
  45  3:50  Overlord  
  48  3:56  Overlord  
  48  3:57  Drone x3  
  48  4:00  Drone  
  52  4:03  Drone x2  
  52  4:09  Extractor  
  53  4:10  Lair  
  53  4:12  Drone  
  53  4:15  Drone  
  53  4:16  Drone  
  56  4:21  Drone x2  
  56  4:23  Drone x3  
  61  4:30  Drone  
  62  4:31  Spore Crawler  
  62  4:32  Extractor  
  62  4:37  Overlord  
  60  4:39  Drone x2  
  60  4:40  Drone x2  
  60  4:44  Spore Crawler  
  60  4:45  Spore Crawler x2  
  59  4:46  Drone x2  
  59  4:48  Spore Crawler  
  58  4:53  Overlord  
  58  4:54  Overlord  
  58  4:58  Spore Crawler  
  57  5:04  Zergling x2  
  57  5:06  Zergling x6  
  61  5:07  Overlord  
  61  5:10  Zergling x4  
  61  5:14  Zergling x2  
  62  5:15  Zergling x4  
  62  5:17  Queen  
  62  5:18  Queen  
  68  5:23  Zergling x2  
  68  5:26  Zergling x4  
  68  5:27  Hydralisk Den  
  70  5:28  Zerg Missile Weapons Level 1  
  70  5:31  Zergling x4  
  70  5:32  Zergling x2  
  73  5:36  Zergling x6  
  73  5:39  Overlord  
  73  5:41  Zergling x6  
  77  5:46  Zergling x2  
  75  5:57  Lurker Den  
  75  5:59  Hydralisk x4  
  75  6:02  Hydralisk  
  75  6:03  Drone  
  75  6:04  Drone x2  
  83  6:06  Drone x2, Extractor  
  82  6:12  Hydralisk  
  82  6:21  Drone x3  
  82  6:24  Drone x2  
  82  6:25  Hydralisk  
  86  6:29  Zergling x4  
  86  6:32  Zergling x4  
  85  6:33  Zergling x2  
  82  6:41  Overlord x2  
  82  6:45  Extractor x2  
  79  6:47  Zergling x4  
  79  6:49  Overlord  
  79  6:56  Zergling x6  
  81  7:01  Zergling x4  
  81  7:02  Zergling x2  
  81  7:03  Hatchery, Zergling x2  
  81  7:06  Zergling x2  
  81  7:07  Zergling x6  
  86  7:11  Zergling x2  
  84  7:16  Drone  
  84  7:17  Drone x4  
  84  7:18  Queen  
  84  7:19  Queen  
  91  7:27  Zerg Missile Weapons Level 2  
  91  7:28  Drone  
  91  7:29  Drone  
  93  7:34  Drone  
  93  7:35  Drone  
  93  7:36  Overlord  
  94  7:41  Hydralisk x3  
  99  7:44  Hydralisk  
  99  7:47  Hydralisk x2  
  105  7:51  Overlord x2, Infestation Pit  
  105  7:52  Overlord  
  105  7:53  Evolution Chamber  
  105  7:54  Hydralisk x2  
  103  7:59  Overlord  
  103  8:00  Hydralisk x2  
  103  8:05  Drone x2  
  107  8:06  Drone  
  107  8:10  Hydralisk x2  
  107  8:12  Muscular Augments  
  112  8:16  Spore Crawler  
  112  8:19  Spore Crawler  
  110  8:22  Hydralisk x3  
  116  8:29  Drone  
  116  8:33  Drone x3  
  116  8:34  Drone x2  
  122  8:35  Lurker  
  122  8:36  Lurker x3  
  122  8:37  Lurker  
  122  8:38  Drone x4  
  131  8:43  Zerg Ground Armor Level 1  
  131  8:54  Drone, Hive  
  131  8:55  Drone x2  
  133  8:59  Spore Crawler  
  133  9:01  Spine Crawler  
  130  9:04  Extractor, Zergling x8  
  130  9:05  Extractor  
  132  9:10  Spire  
  132  9:11  Drone  
  132  9:15  Hydralisk x3  
  132  9:16  Zergling x4  
  136  9:30  Lurker x2  
  136  9:31  Zergling x12  
  142  9:33  Overlord x2  
  142  9:36  Drone  
  142  9:37  Queen  
  146  9:48  Zergling x2  
  146  9:49  Zergling x10  
  153  9:52  Lurker  
  153  9:53  Lurker  
  153  9:57  Lurker x2  
  155  10:01  Hatchery  
  155  10:03  Lurker  
  155  10:04  Lurker  
  152  10:08  Hydralisk, Zergling x4  
  152  10:09  Hydralisk  
  152  10:10  Overlord x2  
  152  10:14  Drone x3, Spore Crawler  
  161  10:16  Drone  
  160  10:24  Zergling x12  
  160  10:26  Hydralisk x2  
  164  10:30  Zergling x2  
  164  10:33  Zergling x10  
  168  10:38  Hydralisk x2  
  168  10:39  Zergling x2  
  155  10:49  Hydralisk x3  
  149  10:50  Zergling x2  
  149  10:52  Zergling x2  
  149  10:53  Zergling x4  
  152  11:02  Hydralisk x3  
Tags
 
Add a new tag
Caveats
  • Supply blocks, unpowered buildings, or Contaminate may cause inaccurate times.
  • Supply counts are checked every 10 seconds.